 Dungeon Crawl Stone Soup version 0.26-a0-937-g67df3f2acb (webtiles) character file.

Game seed: 1551424421055913665

35954 LabCoat the Severer (level 13, -5/116 HPs)
             Began as a Hill Orc Fighter on Nov 26, 2020.
             Killed from afar by a spriggan (16 damage)
             ... with an exploding inner flame
             ... on level 6 of the Lair of Beasts on Nov 27, 2020.
             The game lasted 01:08:14 (16846 turns).

LabCoat the Severer (Hill Orc Fighter)             Turns: 16846, Time: 01:08:15

Health: -5/116     AC: 20    Str: 24    XL:     13   Next: 87%
Magic:  13/13      EV:  6    Int: 11    God:
Gold:   1014       SH: 12    Dex: 10    Spells: 12/12 levels left

rFire    . . .     SeeInvis .   G - +4 broad axe (flame)
rCold    . . .     Faith    .   c - +0 kite shield
rNeg     . . .     Spirit   .   r - +0 plate armour
rPois    .         Reflect  .   (no helmet)
rElec    .         Harm     .   (no cloak)
rCorr    .         Rampage  .   (no gloves)
MR       ++...                  C - +0 pair of boots
Stlth    ..........             T - amulet of magic regeneration
HPRegen  0.29/turn              g - +4 ring of protection
MPRegen  0.38/turn              N - ring of the Mage {Wiz MR++ Int+3}

@: lethally poisoned (-5 -> -15), marked
A: no striking features
a: no special abilities


You were on level 6 of the Lair of Beasts.
You visited 3 branches of the dungeon, and saw 15 of its levels.
You also visited: Volcano.

You collected 1086 gold pieces.
You spent 72 gold pieces at shops.

Inventory:

Hand Weapons
 d - a +1 war axe of flaming
 p - a +2 arbalest of flaming
 v - a +1 morningstar
 E - a +1 whip of electrocution
 G - a +4 broad axe of flaming (weapon)
Missiles
 i - a boomerang (quivered)
 l - 52 poisoned darts
 m - 2 boomerangs of dispersal
 H - 9 javelins
 J - 28 bolts
Armour
 c - a +0 kite shield (worn)
 r - a +0 plate armour (worn)
 x - +0 steam dragon scales
 C - a +0 pair of boots (worn)
 K - a +1 chain mail of fire resistance
Jewellery
 g - a +4 ring of protection (left hand)
 s - an uncursed amulet of guardian spirit
 u - an uncursed ring of wizardry
 D - an uncursed ring of protection from fire
 N - the ring of the Mage (right hand) {Wiz MR++ Int+3}
   (You found it on level 2 of the Lair of Beasts)

   [ring of wizardry]

   It improves your spell success rate.
   It affects your intelligence (+3).
   It affects your resistance to hostile enchantments.
 T - an amulet of magic regeneration (around neck)
Wands
 w - a wand of iceblast (5)
 M - a wand of disintegration (2)
 S - a wand of flame (5)
Scrolls
 b - 8 scrolls of remove curse
 o - a scroll of teleportation
 A - 3 scrolls of magic mapping
 B - a scroll of fear {unknown}
 F - a scroll of enchant weapon
 I - a scroll of silence {unknown}
 L - 2 scrolls of enchant armour
 Q - a scroll of vulnerability {unknown}
 R - a scroll of summoning {unknown}
Potions
 a - 2 potions of resistance
 e - 4 potions of cancellation
 f - 3 potions of lignification
 h - 7 potions of flight
 j - a potion of invisibility
 k - 7 potions of curing
 n - 3 potions of haste
 q - a potion of brilliance
 t - a potion of ambrosia
 z - a potion of magic
 P - a potion of mutation {unknown}


   Skills:
 + Level 11.1 Fighting
 - Level 18.0(18.4) Axes
 * Level 6.0(11.9) Maces & Flails
 + Level 4.0 Throwing
 + Level 11.6 Armour
 + Level 10.7 Shields
 + Level 3.1 Evocations


You had 12 spell levels left.
You didn't know any spells.
Your spell library contained the following spells:

 Spells                   Type           Power        Failure   Level
 Ignite Poison            Fire/Tmut/Pois #.......     99%         3
 Fireball                 Conj/Fire      #.........   100%        5
 Starburst                Conj/Fire      #.........   100%        6
 Ignition                 Fire           #.........   100%        8


Dungeon Overview and Level Annotations

Branches:
Dungeon (8/15)             Temple (1/1) D:5            Lair (6/6) D:8
 Shoals (0/4) Lair:3        Snake (0/4) Lair:4        Slime (0/5) Lair:5
Volcano (visited)

Altars:
Ashenzari
Cheibriados
Dithmenos
Elyvilon
Fedhas
Hepliaklqana
Kikubaaqudgha
Nemelex Xobeh
Okawaru
Qazlal
Ru
Sif Muna
Uskayaw
Vehumet
Wu Jian
Xom
Yredelemnul
Zin
The Shining One
Jiyva

Shops:
D:7 [

Annotations:
D:6 2 transporters, Morbidden's ghost, novice DrTm


Message History

* * * LOW HITPOINT WARNING * * *
The fiery explosion engulfs the wolf!
Flame seeps out of the wolf.
The wolf is heavily wounded.
The fiery explosion engulfs the spriggan!
Flame seeps out of the spriggan.
The spriggan is heavily wounded.
You are engulfed in blazing flames.
* * * LOW HITPOINT WARNING * * *
x2 You feel sick.
The black mamba bites you but does no damage.
The wolf is engulfed in blazing flames.
Flame seeps out of the wolf.
You block the wolf's attack.
The spriggan is engulfed in blazing flames.
The spriggan explodes!
The tree burns like a torch!
The fiery explosion engulfs the black mamba!!
Flame seeps out of the black mamba.
The black mamba is severely wounded.
The fiery explosion engulfs you!
You die...

............#♣
............#♣
.P.......♣♣..♣♣
....♣♣♣♣♣♣♣♣..♣♣
..♣♣♣ ♣...♣♣ .♣♣
♣♣...♣ ♣♣
♣♣♣...♣♣
♣...§h§♣
.Y...♣§§@♣
Y.YY♣♣§§§S♣ Y♣i♣
♣♣§Si♣ .h♣ ♣♣♣g♣
i. S♣ .♣ .♣ .♣


You could see a spriggan rider (inner flame), a black mamba (inner flame), 2
water moccasins, a wolf (inner flame) and a boggart (inner flame).

Vanquished Creatures
  Gastronok (Lair:3)
  Nessos (Lair:5)
  4 hydras
  2 catoblepae
  A boulder beetle (Lair:3)
  A centaur warrior (Volcano)
  Nergalle (Lair:1)
  A hell knight (Volcano)
  A lindwurm (Lair:4)
  A manticore (Lair:3)
  16 elephants
  Joseph (D:8)
  13 cane toads
  3 black mambas
  Maggie (D:8)
  A yaktaur (Volcano)
  3 rime drakes
  4 komodo dragons
  A wind drake (Lair:3)
  2 hornets
  2 polar bears
  Prince Ribbit (D:7)
  11 blink frogs
  5 spriggans
  A wyvern (Lair:3)
  4 basilisks
  20 yaks
  4 swamp worms (Lair:2)
  10 water moccasins
  An ice beast (D:6)
  4 black bears
  A phantom (D:5)
  An ogre (D:8)
  18 wolves
  2 necrophages
  5 centaurs
  17 bullfrogs
  3 killer bees (D:7)
  An electric eel (Lair:4)
  2 howler monkeys
  5 hounds
  A jelly (D:7)
  A centaur skeleton (D:4)
  2 gnoll shamans (D:7)
  2 orc priests
  3 bullfrog skeletons
  2 iguanas
  4 worker ants
  A hound zombie (D:6)
  A hound skeleton (D:5)
  A worker ant zombie (D:7)
  16 adders
  13 gnolls
  3 white imps
  An ufetubus (D:7)
  3 oozes
  2 adder skeletons
  2 worms (D:2)
  3 dart slugs
  A leopard gecko (D:7)
  9 orcs
  7 bats
  6 giant cockroaches
  9 goblins
  3 hobgoblins
  6 jackals
  8 kobolds
  3 quokkas
  3 ball pythons
  2 frilled lizards
  A jackal skeleton (D:8)
  A leopard gecko skeleton (D:4)
  2 quokka skeletons
  A quokka zombie (D:8)
  5 rats
305 creatures vanquished.

Vanquished Creatures (others)
  A centaur (Volcano)
  17 fungi
  16 plants
34 creatures vanquished.

Grand Total: 339 creatures vanquished

Notes
Turn   | Place    | Note
-------+----------+-------------------------------------------
     0 | D:1      | LabCoat the Hill Orc Fighter began the quest for the Orb.
     0 | D:1      | Reached XP level 1. HP: 19/19 MP: 1/1
   218 | D:1      | Reached XP level 2. HP: 11/27 MP: 2/2
   220 | D:1      | Reached skill level 3 in Axes
   710 | D:2      | Reached XP level 3. HP: 28/33 MP: 3/3
   859 | D:2      | Reached skill level 4 in Axes
  1116 | D:2      | Reached XP level 4. HP: 40/40 MP: 4/4
  1360 | D:2      | Found a shadowy altar of Dithmenos.
  1541 | D:2      | Found a white marble altar of Elyvilon.
  1628 | D:3      | Reached skill level 5 in Axes
  1988 | D:3      | Reached XP level 5. HP: 41/46 MP: 5/5
  2394 | D:4      | Noticed a +0 hand axe
  2394 | D:4      | Noticed a +0 hand axe
  2396 | D:4      | Found a hide-covered altar of Uskayaw.
  2455 | D:4      | Reached skill level 6 in Axes
  2727 | D:4      | Reached XP level 6. HP: 47/53 MP: 3/6
  2866 | D:4      | Found a blossoming altar of Fedhas.
  2866 | D:4      | Found a glowing golden altar of the Shining One.
  2912 | D:5      | Entered Level 5 of the Dungeon
  2931 | D:5      | Found a staircase to the Ecumenical Temple.
  2966 | Temple   | Entered the Ecumenical Temple
  3316 | D:5      | Noticed a phantom
  3353 | D:5      | Killed a phantom
  3354 | D:5      | Reached skill level 7 in Axes
  3354 | D:5      | Reached skill level 1 in Throwing
  3616 | D:5      | Reached XP level 7. HP: 49/60 MP: 5/7
  4192 | D:5      | Found a sacrificial altar of Ru.
  4405 | D:6      | Reached skill level 8 in Axes
  4465 | D:6      | Found a transporter.
  4654 | D:6      | Found a sparkling altar of Nemelex Xobeh.
  4678 | D:6      | Reached XP level 8. HP: 52/67 MP: 8/8
  4829 | D:6      | Found a transporter.
  4829 | D:6      | Noticed Morbidden's ghost (novice DrTm)
  4829 | D:6      | Identified the +11 great mace of Irritation {vamp, rF++}
  4829 | D:6      | Noticed a two-headed ogre
  4943 | D:7      | Reached skill level 9 in Axes
  4943 | D:7      | Reached skill level 5 in Armour
  4959 | D:6      | Reached skill level 5 in Fighting
  4969 | D:6      | Reached skill level 1 in Evocations
  5152 | D:6      | Reached skill level 5 in Shields
  5666 | D:7      | Noticed Prince Ribbit
  5875 | D:7      | Reached skill level 10 in Axes
  6129 | D:7      | Killed Prince Ribbit
  6130 | D:7      | Reached XP level 9. HP: 41/74 MP: 5/9
  6349 | D:7      | Found Qeed's Armour Boutique.
  6364 | D:7      | Reached skill level 11 in Axes
  6367 | D:7      | Bought a +0 pair of boots for 72 gold pieces
  6901 | D:8      | Noticed Maggie
  7304 | D:8      | Paralysed by Maggie for 6 turns
  7314 | D:8      | Noticed Joseph
  7315 | D:8      | Paralysed by Maggie for 3 turns
  7326 | D:8      | Killed Maggie
  7327 | D:8      | Reached skill level 12 in Axes
  7355 | D:8      | Killed Joseph
  7592 | D:8      | Found a staircase to the Lair.
  7731 | D:8      | Found an ancient bone altar of Kikubaaqudgha.
  7953 | Lair:1   | Entered Level 1 of the Lair of Beasts
  7953 | Lair:1   | Noticed Nergalle
  7971 | Lair:1   | Killed Nergalle
  7972 | Lair:1   | Reached skill level 13 in Axes
  7972 | Lair:1   | Reached XP level 10. HP: 77/84 MP: 10/10
  8001 | Lair:1   | Noticed a four-headed hydra
  8014 | Lair:1   | Killed a four-headed hydra
  8015 | Lair:1   | Reached skill level 1 in Maces & Flails
  8240 | Lair:1   | Noticed a six-headed hydra
  8258 | Lair:1   | Killed a six-headed hydra
  8531 | Lair:1   | Found a dark tunnel.
  8536 | Volcano  | Entered a volcano
  8552 | Volcano  | Noticed a centaur warrior
  8556 | Volcano  | Found a radiant altar of Vehumet.
  8658 | Volcano  | Noticed a hell knight
  8667 | Volcano  | Killed a centaur warrior
  8668 | Volcano  | Reached skill level 14 in Axes
  8882 | Volcano  | Reached XP level 11. HP: 45/92 MP: 3/11
  8976 | Volcano  | Killed a hell knight
  9177 | Lair:1   | Noticed a catoblepas
  9184 | Lair:1   | Killed a catoblepas
  9341 | Lair:1   | Noticed a four-headed hydra
  9366 | Lair:1   | Killed a four-headed hydra
  9943 | Lair:2   | Reached skill level 15 in Axes
 10856 | Lair:2   | Found the ring of the Mage {Wiz MR++ Int+3}
 11064 | Lair:3   | Noticed Gastronok
 11088 | Lair:3   | Killed Gastronok
 11089 | Lair:3   | Reached skill level 16 in Axes
 11089 | Lair:3   | Reached XP level 12. HP: 42/103 MP: 5/12
 11489 | Lair:3   | Found a staircase to the Shoals.
 12103 | Lair:3   | Noticed a boulder beetle
 12129 | Lair:3   | Killed a boulder beetle
 12419 | Lair:3   | Reached skill level 10 in Armour
 13062 | Lair:4   | Reached skill level 17 in Axes
 13244 | Lair:4   | Noticed a six-headed hydra
 13254 | Lair:4   | Killed a six-headed hydra
 13505 | Lair:4   | Reached XP level 13. HP: 57/112 MP: 10/13
 14076 | Lair:4   | Found a staircase to the Snake Pit.
 14161 | Lair:4   | Reached skill level 10 in Shields
 14670 | Lair:5   | Found a staircase to the Slime Pits.
 14674 | Lair:5   | Found a viscous altar of Jiyva.
 14788 | Lair:5   | Reached skill level 10 in Fighting
 14788 | Lair:5   | Reached skill level 18 in Axes
 15183 | Lair:5   | Noticed Nessos
 15191 | Lair:5   | Reached skill level 5 in Maces & Flails
 15204 | Lair:6   | Entered Level 6 of the Lair of Beasts
 15750 | Lair:5   | Killed Nessos
 15930 | Lair:6   | Upgraded the game from 0.26-a0-926-g43279f1ce9 to
                  | 0.26-a0-937-g67df3f2acb
 16846 | Lair:6   | Killed from afar by a spriggan

Illustrated notes

Levels and vault maps discovered:
D:1:      lightli_arrival_flooded_house, layout_rooms, fountainhead
D:2:      layout_loops_ring, lemuel_coloured_pillars_altar, lemuel_round_altar
D:3:      layout_rooms
D:4:      minmay_evil_eye, layout_rooms, dancing_weapons_uskayaw,
          gammafunk_temple_overflow_pools
D:5:      layout_layer_cave, kennysheep_mini, minmay_temple_entry_trees
D:6:      layout_basic, lemuel_round_altar, gammafunk_ghost_smash
D:7:      layout_cave_pods, serial_gnoll_camp, gnoll_camp_mini_hut,
          gnoll_camp_mini_doghouse, gnoll_camp_mini_shop,
          gnoll_camp_mini_loothouse, gnoll_camp_mini_house, uniq_prince_ribbit1
D:8:      layout_rooms, lemuel_doored_altar, lair_entry_dummy, uniq_joseph,
          uniq_maggie
Temple:   jpeg_temple_clearing
Lair:1:   layout_misc_corridors, nicolae_volcano_entry_s_turn, uniq_nergalle
Lair:2:   layout_loops_ring, worms_lemuel
Lair:3:   layout_hall_layers, minmay_shoals_entry_beasts, beast_lair_carwin_9,
          lemuel_fruit_tree, grunt_megastairs_1, lemuel_fruit_fields,
          uniq_gastronok
Lair:4:   layout_gridlike, dummy_snake_entry
Lair:5:   layout_gridlike, slime_altar_1, uniq_nessos
Lair:6:   minmay_lair_end_enchanted_forest, layout_gridlike

Skill      XL: |  1  2  3  4  5  6  7  8  9 10 11 12 13 |
---------------+----------------------------------------+-----
Axes           | 3 4 5 6 7 8 10 13 14 16 17 18 | 18.0
Fighting       | 4 5 6 7 8 9 11 | 11.1
Shields        | 4 5 6 7 8 9 10 | 10.7
Armour         | 4 5 6 8 9 10 11 | 11.6
Throwing       | 1 2 3 4 |  4.0
Evocations     | 1 2 3 |  3.1
Maces & Flails | 2 3 4 6 |  6.0

Action                   |  1- 3 |  4- 6 |  7- 9 | 10-12 | 13-15 || total
-------------------------+-------+-------+-------+-------+-------++-------
Melee: War axe           |    99 |   203 |   316 |   360 |       ||   978
       Morningstar       |       |       |       |    42 |       ||    42
       Whip              |       |       |       |    16 |       ||    16
       Broad axe         |       |       |       |    30 |   230 ||   260
Throw: Boomerang         |       |    34 |    44 |    24 |     9 ||   111
Evoke: Wand              |       |     1 |    23 |     1 |    21 ||    46
  Use: Scroll            |     2 |     6 |     3 |    13 |     8 ||    32
       Potion            |       |       |     2 |    11 |     6 ||    19
 Stab: Paralysed         |       |       |     1 |     6 |       ||     7
       Confused          |       |       |     1 |       |       ||     1
       Invisible         |       |       |       |       |     2 ||     2
Armor: Scale mail        |    40 |    38 |       |       |       ||    78
       Plate armour      |       |    94 |   236 |   266 |   136 ||   732
       Skin              |       |       |       |    19 |       ||    19
Dodge: Dodged            |    34 |    43 |    50 |    93 |    57 ||   277
Block: Kite shield       |    61 |    95 |   176 |   254 |   133 ||   719

Table legend: (Time is in decaauts)
 A = Elapsed time spent in this place.
 B = Non-inter-level travel time spent in this place.
 C = Inter-level travel time spent in this place.
 D = Time resting spent in this place.
 E = Time spent auto-exploring this place.
 F = Levels seen in this place.
 G = Mean time per level.
                   A        B        C        D        E       F      G
               +--------+--------+--------+--------+--------+-----+--------+
         Total |  16884 |  16461 |    423 |   6257 |   7716 |  16 | 1055.2 |
       Dungeon |   8001 |   7676 |    325 |   2049 |   4333 |   8 | 1000.1 |
        Temple |    101 |     93 |      8 |      0 |     84 |   1 |  101.0 |
          Lair |   8191 |   8101 |     90 |   3766 |   3298 |   6 | 1365.2 |
       Volcano |    590 |    590 |      0 |    442 |      0 |   1 |  590.0 |
               +--------+--------+--------+--------+--------+-----+--------+

Top non-repeatable levels by time:
     D:7: 1954 daAuts
  Lair:3: 1947 daAuts
  Lair:4: 1584 daAuts
     D:5: 1376 daAuts
  Lair:1: 1358 daAuts
  Lair:6: 1163 daAuts
  Lair:2: 1146 daAuts
     D:6: 1098 daAuts
  Lair:5: 992 daAuts
     D:2: 953 daAuts
     D:1: 726 daAuts
     D:4: 665 daAuts
     D:3: 663 daAuts
 Volcano: 590 daAuts
     D:8: 563 daAuts
